General information
			
			
        
        - name: BNet
 
        - type: Ladder team game (AT/RT)
 
        - host: Battle.net
 
        - saver: DOGSANDHORSE.RU
 
        
map: Friends 
        - players: 8
 
        - length: 44:40
 
        - speed: Fast
 - version: 1.22 W3XP
 - replay type:  

 
» download(467 KB)
Players
        team 1 (winner) 
              
              
DOGSANDHORSE.RU (
yellow | 117 APM | 5225 actions | 44:40)
              
 5 Demon Hunter 
 3 Mana Burn
 2 Evasion
 5 Pandaren Brewmaster 
 3 Breath of Fire
 2 Drunken Haze
 4 Keeper of the Grove 
 2 Entangling Roots
 2 Thorns Aura
 
                » actions 
                
                | Assign group hotkey | 8 |  | 
| Basic commands | 1 |  | 
| Build / train | 111 |  | 
| Enter build submenu | 34 |  | 
| Enter hero's abilities submenu | 16 |  | 
| Give item / drop item | 17 |  | 
| Right click | 3659 |  | 
| Select / deselect | 580 |  | 
| Select group hotkey | 609 |  | 
| Use ability | 190 |  | 
                5225 total
 » units 
                
                | Wisp | 47 |  | 
| Goblin Zeppelin | 4 |  | 
| Forest Troll Shadow Priest | 1 |  | 
                52 total
 » upgrades
                
                | Ultravision | 1 |  | 
| Nature's Blessing | 1 |  | 
| Well Spring | 1 |  | 
                3 total
 » buildings
                
                | Altar of Elders | 1 |  | 
| Moon Well | 18 |  | 
| Tree of Life | 2 |  | 
| Ancient of Wonders | 4 |  | 
| Tree of Ages | 1 |  | 
| Hunter's Hall | 1 |  | 
| Tree of Eternity | 1 |  | 
| Ancient of Wind | 1 |  | 
                29 total
 » build order
                00:12 Altar of Elders
00:18 Moon Well
01:30 Moon Well
03:23 Moon Well
03:27 Moon Well
03:38 Tree of Life
04:00 Ancient of Wonders
04:27 Moon Well
04:46 Tree of Ages
05:47 Moon Well
06:14 Hunter's Hall
06:46 Moon Well
09:53 Tree of Eternity
09:57 Moon Well
12:05 Ancient of Wind
12:31 Moon Well
12:38 Ancient of Wonders
13:33 Moon Well
13:34 Moon Well
13:36 Moon Well
17:19 Ancient of Wonders
22:20 Moon Well
22:21 Moon Well
22:22 Moon Well
22:23 Moon Well
26:35 Moon Well
27:50 Tree of Life
27:52 Moon Well
37:35 Ancient of Wonders
» items
                
                | Dust of Appearance | 1 |  | 
| Lesser Clarity Potion | 10 |  | 
| Scroll of Regeneration | 3 |  | 
| Scroll of Town Portal | 2 |  | 
| Orb of Venom | 2 |  | 
| Staff of Preservation | 3 |  | 
| Orb of Lightning | 1 |  | 
| Healing Salve | 3 |  | 
| Boots of Quel'Thalas +6 | 2 |  | 
| Potion of Divinity | 3 |  | 
| Inferno Stone | 1 |  | 
| Potion of Restoration | 1 |  | 
                32 total
  
               
              
              
GoToYurup (
green | 102 APM | 4572 actions | 44:39)
              
 5 Tauren Chieftain 
 3 Shockwave
 2 Endurance Aura
 5 Pandaren Brewmaster 
 3 Breath of Fire
 1 Drunken Brawler
 1 Drunken Haze
 
                » actions 
                
                | Assign group hotkey | 198 |  | 
| Basic commands | 5 |  | 
| Build / train | 109 |  | 
| Enter build submenu | 83 |  | 
| Enter hero's abilities submenu | 10 |  | 
| Give item / drop item | 8 |  | 
| Remove unit from queue | 15 |  | 
| Right click | 2547 |  | 
| Select / deselect | 694 |  | 
| Select group hotkey | 506 |  | 
| Use ability | 394 |  | 
                4572 total
 » units 
                » upgrades
                
                | Reinforced Defenses | 1 |  | 
| Spiked Barricades | 1 |  | 
| Liquid Fire | 1 |  | 
                3 total
 » buildings
                
                | Altar of Storms | 1 |  | 
| Orc Burrow | 5 |  | 
| War Mill | 4 |  | 
| Watch Tower | 88 |  | 
| Voodoo Lounge | 7 |  | 
| Stronghold | 2 |  | 
| Fortress | 2 |  | 
| Beastiary | 4 |  | 
| Great Hall | 1 |  | 
                114 total
 » build order
                00:02 Altar of Storms
00:12 Orc Burrow
00:44 War Mill
01:47 Orc Burrow
02:10 Watch Tower
02:11 Watch Tower
02:45 Watch Tower
02:46 Watch Tower
03:06 Watch Tower
03:09 Watch Tower
03:20 Watch Tower
03:27 Watch Tower
03:40 Voodoo Lounge
03:51 Watch Tower
03:55 Watch Tower
04:04 Watch Tower
04:51 Watch Tower
04:52 Watch Tower
04:57 Stronghold
04:58 Stronghold
05:08 Watch Tower
05:11 Watch Tower
05:20 Orc Burrow
05:24 Watch Tower
06:00 Watch Tower
06:02 Watch Tower
06:03 Watch Tower
06:13 Watch Tower
06:35 Watch Tower
06:44 Watch Tower
07:09 Voodoo Lounge
07:12 Voodoo Lounge
07:19 Watch Tower
07:23 Watch Tower
07:56 Watch Tower
07:57 Fortress
07:58 Fortress
09:34 War Mill
09:37 War Mill
10:37 War Mill
10:58 Voodoo Lounge
11:29 Beastiary
11:30 Beastiary
12:14 Voodoo Lounge
12:17 Voodoo Lounge
12:19 Voodoo Lounge
12:44 Watch Tower
12:46 Watch Tower
13:59 Orc Burrow
14:11 Watch Tower
14:51 Watch Tower
15:19 Watch Tower
16:38 Great Hall
16:43 Watch Tower
16:44 Watch Tower
16:48 Watch Tower
16:49 Watch Tower
16:50 Watch Tower
16:51 Watch Tower
16:52 Watch Tower
17:08 Orc Burrow
19:21 Beastiary
19:22 Beastiary
20:32 Watch Tower
20:33 Watch Tower
20:34 Watch Tower
20:35 Watch Tower
20:35 Watch Tower
20:36 Watch Tower
20:38 Watch Tower
20:39 Watch Tower
20:40 Watch Tower
22:03 Watch Tower
22:04 Watch Tower
22:05 Watch Tower
22:07 Watch Tower
24:40 Watch Tower
24:41 Watch Tower
24:43 Watch Tower
24:44 Watch Tower
24:45 Watch Tower
24:46 Watch Tower
24:47 Watch Tower
24:48 Watch Tower
24:49 Watch Tower
24:50 Watch Tower
24:51 Watch Tower
24:52 Watch Tower
24:52 Watch Tower
24:53 Watch Tower
24:54 Watch Tower
24:54 Watch Tower
24:55 Watch Tower
24:56 Watch Tower
24:58 Watch Tower
24:59 Watch Tower
25:00 Watch Tower
25:01 Watch Tower
25:02 Watch Tower
25:03 Watch Tower
25:04 Watch Tower
25:06 Watch Tower
25:06 Watch Tower
29:19 Watch Tower
29:20 Watch Tower
29:20 Watch Tower
30:47 Watch Tower
30:49 Watch Tower
30:49 Watch Tower
30:51 Watch Tower
30:51 Watch Tower
30:52 Watch Tower
34:09 Watch Tower
34:09 Watch Tower
» items
                
                | Healing Salve | 3 |  | 
| Lesser Clarity Potion | 6 |  | 
| Scroll of Speed | 5 |  | 
| Orb of Lightning | 2 |  | 
| Scroll of Town Portal | 3 |  | 
| Scroll of Regeneration | 1 |  | 
| Staff of Sanctuary | 2 |  | 
| Robe of the Magi +6 | 1 |  | 
| Sobi Mask | 1 |  | 
| Inferno Stone | 1 |  | 
| Mana Stone | 1 |  | 
| Belt of Giant Strength +6 | 1 |  | 
                27 total
  
               
              
              
RockBocken (
purple | 134 APM | 5983 actions | 44:39)
              
 5 Archmage 
 3 Blizzard
 2 Brilliance Aura
 4 Blood Mage 
 2 Flame Strike
 2 Siphon Mana
 4 Pit Lord 
 2 Rain of Fire
 2 Cleaving Attack
 
                » actions 
                
                | Assign group hotkey | 329 |  | 
| Basic commands | 3 |  | 
| Build / train | 205 |  | 
| Enter build submenu | 139 |  | 
| Enter hero's abilities submenu | 13 |  | 
| Give item / drop item | 1 |  | 
| Remove unit from queue | 4 |  | 
| Right click | 2677 |  | 
| Select / deselect | 562 |  | 
| Select group hotkey | 1465 |  | 
| Use ability | 582 |  | 
                5983 total
 » units 
                
                | Peasant | 30 |  | 
| Dragonhawk Rider | 9 |  | 
| Goblin Zeppelin | 1 |  | 
| Mortar Team | 1 |  | 
                41 total
 » upgrades
                
                | Masonry | 4 |  | 
| Lumber Harvesting | 2 |  | 
| Magic Sentry | 1 |  | 
| Animal War Training | 1 |  | 
| Swords | 3 |  | 
| Armor | 3 |  | 
| Gunpowder | 2 |  | 
| Plating | 2 |  | 
| Flying Machine Bombs | 1 |  | 
| Flak Cannons | 1 |  | 
| Fragmentation Shards | 1 |  | 
| Flare | 1 |  | 
| Barrage | 1 |  | 
                23 total
 » buildings
                
                | Altar of Kings | 1 |  | 
| Farm | 10 |  | 
| Lumber Mill | 1 |  | 
| Scout Tower | 155 |  | 
| Arcane Tower | 11 |  | 
| Guard Tower | 59 |  | 
| Arcane Vault | 4 |  | 
| Keep | 1 |  | 
| Town Hall | 2 |  | 
| Castle | 4 |  | 
| Arcane Sanctum | 1 |  | 
| Gryphon Aviary | 1 |  | 
| Barracks | 1 |  | 
| Blacksmith | 1 |  | 
| Workshop | 3 |  | 
                255 total
 » build order
                00:04 Altar of Kings
00:21 Farm
00:36 Farm
00:39 Lumber Mill
01:23 Scout Tower
01:42 Scout Tower
01:49 Arcane Tower
01:53 Scout Tower
02:15 Farm
02:21 Guard Tower
02:26 Scout Tower
02:29 Scout Tower
02:53 Arcane Tower
02:53 Guard Tower
03:16 Guard Tower
03:20 Scout Tower
03:22 Scout Tower
03:48 Guard Tower
03:51 Scout Tower
04:05 Scout Tower
04:13 Guard Tower
04:17 Guard Tower
04:19 Scout Tower
04:47 Scout Tower
04:58 Guard Tower
05:11 Guard Tower
05:19 Guard Tower
05:25 Arcane Vault
05:39 Scout Tower
05:44 Arcane Vault
05:57 Scout Tower
06:10 Guard Tower
06:11 Scout Tower
06:30 Scout Tower
06:46 Guard Tower
06:47 Scout Tower
07:04 Guard Tower
07:07 Scout Tower
07:10 Scout Tower
07:12 Guard Tower
07:14 Scout Tower
07:15 Scout Tower
07:18 Scout Tower
07:22 Guard Tower
07:23 Scout Tower
07:37 Scout Tower
07:51 Keep
08:17 Guard Tower
08:18 Scout Tower
08:22 Scout Tower
08:24 Scout Tower
08:25 Scout Tower
08:46 Guard Tower
08:50 Scout Tower
09:43 Guard Tower
09:46 Scout Tower
09:53 Scout Tower
10:05 Guard Tower
10:06 Scout Tower
10:08 Arcane Vault
10:14 Farm
10:16 Scout Tower
10:20 Scout Tower
10:24 Guard Tower
10:25 Scout Tower
10:32 Arcane Tower
10:32 Arcane Tower
10:50 Guard Tower
10:57 Guard Tower
10:57 Guard Tower
10:59 Scout Tower
11:38 Town Hall
11:45 Guard Tower
11:46 Scout Tower
12:18 Guard Tower
12:22 Scout Tower
12:56 Guard Tower
12:57 Scout Tower
13:31 Guard Tower
13:34 Arcane Vault
13:42 Castle
13:42 Castle
13:42 Castle
14:58 Arcane Sanctum
15:02 Scout Tower
15:03 Scout Tower
15:07 Scout Tower
15:07 Scout Tower
15:09 Scout Tower
16:00 Guard Tower
16:01 Scout Tower
16:13 Gryphon Aviary
16:18 Guard Tower
19:03 Farm
19:05 Barracks
19:06 Blacksmith
19:07 Guard Tower
19:25 Scout Tower
19:26 Scout Tower
19:48 Scout Tower
20:08 Guard Tower
20:24 Guard Tower
20:27 Guard Tower
20:28 Scout Tower
21:15 Scout Tower
21:17 Guard Tower
21:17 Scout Tower
21:18 Scout Tower
22:17 Scout Tower
22:17 Guard Tower
22:58 Scout Tower
22:59 Scout Tower
23:00 Scout Tower
23:01 Scout Tower
23:01 Scout Tower
23:02 Scout Tower
23:02 Scout Tower
23:53 Scout Tower
23:54 Scout Tower
23:54 Scout Tower
23:55 Scout Tower
23:57 Arcane Tower
24:13 Arcane Tower
24:16 Scout Tower
24:17 Scout Tower
24:17 Scout Tower
24:18 Scout Tower
24:48 Arcane Tower
24:51 Arcane Tower
24:56 Guard Tower
26:30 Arcane Tower
26:34 Scout Tower
26:35 Scout Tower
26:54 Scout Tower
26:55 Scout Tower
26:56 Scout Tower
26:56 Scout Tower
26:57 Scout Tower
26:58 Scout Tower
27:00 Guard Tower
27:01 Scout Tower
27:02 Scout Tower
28:23 Guard Tower
28:25 Scout Tower
28:26 Scout Tower
28:27 Guard Tower
28:28 Scout Tower
28:29 Scout Tower
29:15 Guard Tower
29:23 Guard Tower
29:24 Scout Tower
29:25 Scout Tower
30:02 Guard Tower
30:03 Scout Tower
30:05 Guard Tower
30:06 Scout Tower
30:27 Guard Tower
30:31 Scout Tower
30:32 Scout Tower
30:32 Scout Tower
30:33 Scout Tower
30:34 Scout Tower
30:34 Scout Tower
30:36 Scout Tower
30:37 Scout Tower
30:39 Guard Tower
30:43 Scout Tower
30:44 Scout Tower
30:45 Scout Tower
30:45 Scout Tower
30:47 Guard Tower
30:48 Scout Tower
30:52 Scout Tower
30:52 Scout Tower
32:40 Guard Tower
32:46 Guard Tower
32:47 Scout Tower
32:47 Scout Tower
34:04 Guard Tower
34:05 Scout Tower
34:06 Scout Tower
34:08 Scout Tower
34:09 Scout Tower
34:28 Guard Tower
34:29 Scout Tower
34:30 Scout Tower
34:40 Guard Tower
34:41 Scout Tower
34:42 Scout Tower
34:42 Scout Tower
34:43 Scout Tower
34:44 Scout Tower
34:44 Scout Tower
35:05 Guard Tower
35:08 Scout Tower
35:09 Scout Tower
37:25 Guard Tower
37:28 Town Hall
38:03 Workshop
38:04 Workshop
38:06 Workshop
38:15 Scout Tower
38:16 Scout Tower
38:16 Scout Tower
38:17 Scout Tower
38:39 Scout Tower
38:40 Scout Tower
38:40 Scout Tower
38:41 Scout Tower
38:42 Scout Tower
38:43 Scout Tower
38:43 Scout Tower
38:44 Scout Tower
38:45 Scout Tower
38:46 Scout Tower
38:48 Guard Tower
40:01 Farm
40:02 Farm
40:02 Farm
40:10 Guard Tower
40:12 Scout Tower
40:13 Scout Tower
40:13 Scout Tower
40:14 Scout Tower
42:01 Scout Tower
42:02 Scout Tower
42:02 Scout Tower
42:03 Scout Tower
42:04 Guard Tower
42:06 Scout Tower
42:07 Scout Tower
42:10 Farm
42:11 Farm
42:22 Guard Tower
42:25 Scout Tower
42:25 Scout Tower
42:42 Arcane Tower
43:09 Guard Tower
43:10 Scout Tower
43:10 Scout Tower
43:11 Scout Tower
43:12 Scout Tower
43:13 Scout Tower
43:14 Scout Tower
43:14 Scout Tower
43:19 Guard Tower
43:22 Scout Tower
43:24 Scout Tower
43:26 Scout Tower
43:27 Scout Tower
43:27 Scout Tower
43:50 Guard Tower
» items
                
                | Scroll of Regeneration | 18 |  | 
| Healing Wards | 1 |  | 
| Stone Token | 1 |  | 
| Lesser Clarity Potion | 2 |  | 
| Staff of Sanctuary | 3 |  | 
| Potion of Healing | 2 |  | 
| Scroll of Town Portal | 4 |  | 
| Runed Bracers | 1 |  | 
| The Lion Horn of Stormwind | 1 |  | 
| Health Stone | 2 |  | 
| Inferno Stone | 1 |  | 
| Alleria's Flute of Accuracy | 1 |  | 
| Scroll of Restoration | 1 |  | 
| Orb of Lightning | 2 |  | 
| Orb of Venom | 1 |  | 
                41 total
  
               
              
              
SARGEcard.co.uk (
red | 100 APM | 4483 actions | 44:39)
              
 4 Blood Mage 
 2 Flame Strike
 2 Siphon Mana
 3 Paladin 
 2 Holy Light
 1 Divine Shield
 2 Mountain King 
 1 Storm Bolt
 1 Bash
 
                » actions 
                
                | Assign group hotkey | 39 |  | 
| Basic commands | 88 |  | 
| Build / train | 189 |  | 
| ESC pressed | 9 |  | 
| Enter build submenu | 153 |  | 
| Enter hero's abilities submenu | 9 |  | 
| Give item / drop item | 4 |  | 
| Right click | 1876 |  | 
| Select / deselect | 490 |  | 
| Select group hotkey | 890 |  | 
| Use ability | 736 |  | 
                4483 total
 » units 
                
                | Peasant | 25 |  | 
| Dragonhawk Rider | 21 |  | 
                46 total
 » upgrades
                
                | Masonry | 3 |  | 
| Magic Sentry | 1 |  | 
| Lumber Harvesting | 2 |  | 
| Cloud | 1 |  | 
| Swords | 2 |  | 
| Armor | 2 |  | 
| Animal War Training | 1 |  | 
                12 total
 » buildings
                
                | Altar of Kings | 1 |  | 
| Farm | 7 |  | 
| Scout Tower | 324 |  | 
| Lumber Mill | 2 |  | 
| Arcane Tower | 13 |  | 
| Guard Tower | 80 |  | 
| Arcane Vault | 2 |  | 
| Keep | 1 |  | 
| Town Hall | 1 |  | 
| Arcane Sanctum | 1 |  | 
| Castle | 1 |  | 
| Gryphon Aviary | 1 |  | 
| Barracks | 1 |  | 
| Blacksmith | 2 |  | 
                437 total
 » build order
                00:08 Altar of Kings
00:19 Farm
00:34 Scout Tower
00:42 Lumber Mill
01:03 Arcane Tower
01:26 Scout Tower
01:44 Scout Tower
01:47 Scout Tower
02:05 Arcane Tower
02:05 Arcane Tower
02:05 Arcane Tower
02:16 Farm
02:25 Guard Tower
02:25 Guard Tower
02:36 Scout Tower
03:18 Guard Tower
03:20 Scout Tower
03:30 Scout Tower
03:34 Scout Tower
03:39 Scout Tower
03:56 Guard Tower
04:01 Arcane Vault
04:04 Guard Tower
04:17 Guard Tower
04:20 Guard Tower
04:39 Scout Tower
04:39 Scout Tower
05:12 Guard Tower
05:24 Scout Tower
05:25 Scout Tower
05:46 Scout Tower
05:47 Scout Tower
05:48 Scout Tower
05:48 Scout Tower
05:53 Scout Tower
05:59 Farm
06:04 Guard Tower
06:33 Scout Tower
06:34 Scout Tower
06:35 Scout Tower
06:35 Scout Tower
07:03 Scout Tower
07:04 Scout Tower
07:04 Scout Tower
07:05 Scout Tower
07:08 Guard Tower
07:33 Guard Tower
07:49 Guard Tower
07:53 Guard Tower
07:55 Scout Tower
07:55 Scout Tower
07:56 Scout Tower
07:57 Scout Tower
07:59 Scout Tower
08:00 Scout Tower
08:01 Scout Tower
08:03 Guard Tower
08:20 Guard Tower
08:37 Arcane Tower
08:50 Scout Tower
08:51 Scout Tower
08:51 Scout Tower
08:52 Scout Tower
08:53 Scout Tower
08:54 Scout Tower
08:55 Scout Tower
08:56 Scout Tower
08:57 Scout Tower
08:57 Scout Tower
08:58 Scout Tower
08:58 Scout Tower
09:25 Guard Tower
09:53 Guard Tower
10:04 Guard Tower
10:20 Guard Tower
10:26 Guard Tower
10:27 Guard Tower
10:30 Scout Tower
10:33 Scout Tower
10:34 Scout Tower
10:35 Scout Tower
10:58 Guard Tower
11:00 Scout Tower
11:01 Scout Tower
11:48 Guard Tower
11:52 Keep
11:56 Scout Tower
11:57 Scout Tower
11:59 Scout Tower
12:00 Scout Tower
12:32 Guard Tower
12:35 Scout Tower
12:37 Scout Tower
13:11 Guard Tower
13:18 Guard Tower
13:26 Guard Tower
13:30 Scout Tower
13:31 Scout Tower
13:32 Scout Tower
13:33 Scout Tower
13:34 Scout Tower
13:34 Scout Tower
14:52 Town Hall
15:04 Scout Tower
15:05 Scout Tower
15:05 Scout Tower
15:06 Scout Tower
15:08 Scout Tower
15:09 Scout Tower
15:10 Scout Tower
15:10 Scout Tower
15:11 Scout Tower
15:15 Guard Tower
15:29 Scout Tower
15:30 Scout Tower
15:31 Scout Tower
15:32 Scout Tower
15:32 Scout Tower
15:42 Guard Tower
15:56 Scout Tower
15:57 Scout Tower
15:58 Scout Tower
15:59 Scout Tower
16:00 Scout Tower
16:07 Scout Tower
16:08 Scout Tower
16:10 Scout Tower
16:11 Scout Tower
16:12 Scout Tower
17:16 Guard Tower
17:23 Arcane Sanctum
17:36 Castle
17:42 Farm
17:43 Farm
17:44 Farm
17:45 Farm
17:48 Gryphon Aviary
17:56 Guard Tower
19:17 Guard Tower
19:19 Scout Tower
19:20 Scout Tower
19:20 Scout Tower
19:22 Scout Tower
19:29 Arcane Vault
19:49 Scout Tower
19:50 Scout Tower
19:58 Scout Tower
19:59 Scout Tower
20:01 Scout Tower
20:01 Scout Tower
20:03 Scout Tower
20:04 Scout Tower
20:05 Scout Tower
20:06 Scout Tower
20:31 Guard Tower
20:37 Guard Tower
20:50 Guard Tower
21:04 Scout Tower
21:05 Scout Tower
21:11 Guard Tower
21:29 Guard Tower
21:33 Scout Tower
21:34 Scout Tower
21:34 Scout Tower
21:35 Scout Tower
21:35 Scout Tower
21:36 Scout Tower
21:37 Scout Tower
21:37 Scout Tower
21:38 Scout Tower
21:39 Scout Tower
21:39 Scout Tower
21:39 Scout Tower
21:50 Guard Tower
21:52 Scout Tower
21:53 Scout Tower
22:02 Scout Tower
22:03 Scout Tower
22:04 Scout Tower
22:04 Scout Tower
22:05 Scout Tower
22:06 Scout Tower
22:18 Scout Tower
22:26 Scout Tower
22:28 Scout Tower
22:28 Scout Tower
22:30 Scout Tower
22:32 Scout Tower
22:33 Scout Tower
22:33 Scout Tower
22:35 Guard Tower
22:42 Scout Tower
22:43 Scout Tower
22:45 Scout Tower
22:45 Scout Tower
22:46 Scout Tower
22:47 Scout Tower
22:53 Guard Tower
22:56 Scout Tower
22:57 Scout Tower
22:58 Scout Tower
22:59 Scout Tower
22:59 Scout Tower
23:00 Scout Tower
23:01 Scout Tower
23:01 Scout Tower
23:02 Scout Tower
23:16 Arcane Tower
23:58 Arcane Tower
24:03 Scout Tower
24:04 Scout Tower
24:05 Scout Tower
24:05 Scout Tower
24:07 Scout Tower
24:08 Scout Tower
24:09 Scout Tower
24:17 Guard Tower
24:21 Lumber Mill
24:28 Guard Tower
24:32 Scout Tower
24:33 Scout Tower
24:34 Scout Tower
24:35 Scout Tower
24:37 Scout Tower
24:38 Scout Tower
24:39 Scout Tower
24:40 Scout Tower
24:41 Scout Tower
24:41 Scout Tower
24:42 Scout Tower
24:58 Arcane Tower
25:02 Arcane Tower
25:11 Guard Tower
25:18 Scout Tower
25:19 Scout Tower
25:20 Scout Tower
25:21 Scout Tower
25:22 Scout Tower
25:24 Scout Tower
25:25 Scout Tower
25:26 Scout Tower
25:27 Scout Tower
25:28 Scout Tower
25:29 Scout Tower
25:46 Guard Tower
26:05 Scout Tower
26:06 Scout Tower
26:07 Scout Tower
26:07 Scout Tower
26:11 Scout Tower
26:12 Scout Tower
26:13 Scout Tower
26:14 Scout Tower
26:14 Scout Tower
26:15 Scout Tower
26:16 Scout Tower
26:49 Arcane Tower
26:52 Guard Tower
26:57 Scout Tower
26:58 Scout Tower
26:58 Scout Tower
27:00 Scout Tower
27:04 Guard Tower
28:18 Guard Tower
28:24 Scout Tower
28:25 Scout Tower
28:26 Scout Tower
28:26 Scout Tower
28:27 Scout Tower
28:28 Scout Tower
28:29 Scout Tower
28:30 Scout Tower
28:30 Scout Tower
28:31 Scout Tower
28:32 Scout Tower
28:32 Scout Tower
28:36 Guard Tower
28:53 Guard Tower
29:25 Guard Tower
29:43 Guard Tower
29:55 Guard Tower
30:16 Guard Tower
30:20 Scout Tower
30:21 Scout Tower
30:21 Scout Tower
30:57 Guard Tower
31:01 Scout Tower
31:02 Scout Tower
31:03 Scout Tower
31:03 Scout Tower
31:05 Scout Tower
31:05 Scout Tower
31:42 Arcane Tower
31:45 Guard Tower
31:47 Scout Tower
31:49 Scout Tower
32:17 Arcane Tower
32:24 Arcane Tower
32:33 Scout Tower
32:34 Scout Tower
32:34 Scout Tower
32:35 Scout Tower
32:36 Scout Tower
33:37 Guard Tower
33:45 Guard Tower
33:49 Scout Tower
33:50 Scout Tower
33:51 Scout Tower
33:51 Scout Tower
33:52 Scout Tower
33:53 Scout Tower
33:58 Scout Tower
33:58 Scout Tower
33:59 Scout Tower
33:59 Scout Tower
34:00 Scout Tower
34:03 Scout Tower
34:03 Scout Tower
34:04 Scout Tower
34:05 Scout Tower
34:06 Scout Tower
34:06 Scout Tower
34:21 Guard Tower
34:24 Scout Tower
34:24 Scout Tower
34:25 Scout Tower
34:59 Scout Tower
35:02 Scout Tower
35:05 Scout Tower
36:25 Guard Tower
36:54 Barracks
36:55 Blacksmith
36:57 Blacksmith
37:01 Scout Tower
37:02 Scout Tower
37:04 Scout Tower
37:05 Scout Tower
37:05 Scout Tower
37:06 Scout Tower
37:23 Scout Tower
37:32 Scout Tower
37:33 Scout Tower
37:34 Scout Tower
37:36 Scout Tower
37:36 Scout Tower
37:37 Scout Tower
37:41 Guard Tower
37:43 Scout Tower
37:44 Scout Tower
37:44 Scout Tower
37:45 Scout Tower
37:46 Scout Tower
37:47 Scout Tower
37:48 Scout Tower
38:01 Guard Tower
38:14 Guard Tower
38:17 Guard Tower
38:36 Guard Tower
38:46 Scout Tower
38:47 Scout Tower
38:50 Guard Tower
38:52 Scout Tower
38:53 Scout Tower
38:53 Scout Tower
38:54 Scout Tower
38:55 Scout Tower
38:55 Scout Tower
39:00 Guard Tower
39:05 Scout Tower
39:06 Scout Tower
39:16 Guard Tower
40:23 Guard Tower
40:30 Guard Tower
40:45 Scout Tower
40:46 Scout Tower
40:47 Scout Tower
40:48 Scout Tower
40:49 Scout Tower
40:49 Scout Tower
40:51 Scout Tower
40:52 Scout Tower
40:53 Scout Tower
40:54 Scout Tower
40:54 Scout Tower
40:55 Scout Tower
40:56 Scout Tower
40:57 Scout Tower
41:00 Scout Tower
41:02 Scout Tower
41:03 Scout Tower
41:05 Scout Tower
41:06 Scout Tower
41:06 Scout Tower
41:09 Scout Tower
41:11 Scout Tower
41:12 Scout Tower
41:14 Scout Tower
41:15 Scout Tower
41:16 Scout Tower
41:17 Scout Tower
41:30 Guard Tower
41:32 Guard Tower
41:44 Guard Tower
42:04 Scout Tower
42:04 Scout Tower
42:05 Scout Tower
42:05 Scout Tower
42:06 Scout Tower
42:07 Scout Tower
42:07 Scout Tower
42:08 Scout Tower
42:09 Scout Tower
42:27 Guard Tower
42:46 Scout Tower
42:48 Scout Tower
42:49 Scout Tower
42:49 Scout Tower
42:50 Scout Tower
42:51 Scout Tower
42:51 Scout Tower
42:52 Scout Tower
42:53 Scout Tower
43:23 Guard Tower
43:28 Guard Tower
43:33 Guard Tower
43:33 Guard Tower
43:33 Guard Tower
43:36 Guard Tower
43:40 Scout Tower
43:41 Scout Tower
43:41 Scout Tower
43:42 Scout Tower
43:43 Scout Tower
43:44 Scout Tower
43:45 Scout Tower
43:46 Scout Tower
44:28 Guard Tower
» items
                
                | Scroll of Regeneration | 5 |  | 
| Lesser Clarity Potion | 5 |  | 
| Runed Bracers | 3 |  | 
| Ankh of Reincarnation | 1 |  | 
| Potion of Restoration | 1 |  | 
| Staff of Sanctuary | 3 |  | 
| Orb of Lightning | 3 |  | 
| Potion of Healing | 2 |  | 
| Sobi Mask | 1 |  | 
                24 total
  
               team 2 (loser) 
              
              
HHH[FeO] (
blue | 101 APM | 4030 actions | 39:54)
              
 8 Blood Mage 
 3 Flame Strike
 3 Siphon Mana
 1 Summon Phoenix
 1 Banish
 1 Tauren Chieftain 
 1 Shockwave
 
                » actions 
                
                | Assign group hotkey | 433 |  | 
| Basic commands | 22 |  | 
| Build / train | 98 |  | 
| ESC pressed | 1 |  | 
| Enter build submenu | 24 |  | 
| Enter hero's abilities submenu | 9 |  | 
| Right click | 1953 |  | 
| Select / deselect | 637 |  | 
| Select group hotkey | 759 |  | 
| Use ability | 93 |  | 
                4030 total
 » units 
                
                | Peasant | 10 |  | 
| Footman | 3 |  | 
| Rifleman | 18 |  | 
| Mortar Team | 14 |  | 
| Flying Machine | 1 |  | 
| Siege Engine | 13 |  | 
                59 total
 » upgrades
                
                | Gunpowder | 3 |  | 
| Flare | 1 |  | 
| Armor | 3 |  | 
| Fragmentation Shards | 1 |  | 
| Barrage | 1 |  | 
                9 total
 » buildings
                
                | Altar of Kings | 1 |  | 
| Barracks | 2 |  | 
| Farm | 15 |  | 
| Blacksmith | 1 |  | 
| Scout Tower | 2 |  | 
| Arcane Tower | 1 |  | 
| Keep | 4 |  | 
| Workshop | 2 |  | 
| Arcane Vault | 1 |  | 
| Castle | 1 |  | 
                30 total
 » build order
                00:06 Altar of Kings
00:11 Barracks
00:12 Barracks
00:16 Farm
00:56 Farm
01:55 Blacksmith
02:29 Scout Tower
03:18 Scout Tower
03:40 Arcane Tower
03:41 Keep
03:42 Keep
04:11 Farm
05:29 Farm
05:30 Farm
06:34 Workshop
07:17 Workshop
08:00 Farm
08:02 Farm
09:13 Arcane Vault
09:33 Farm
09:34 Farm
10:18 Farm
10:51 Farm
11:13 Farm
15:13 Castle
32:06 Farm
32:07 Farm
32:07 Farm
» items
                
                | Scroll of Regeneration | 5 |  | 
| Potion of Healing | 2 |  | 
| Lesser Clarity Potion | 1 |  | 
| Potion of Mana | 1 |  | 
| Staff of Sanctuary | 1 |  | 
| Orb of Fire | 1 |  | 
| Scroll of Town Portal | 2 |  | 
| Mechanical Critter | 1 |  | 
                14 total
  
               
              
              
P-A-T-I (
orange | 80 APM | 3584 actions | 44:34)
              
 8 Priestess of the Moon 
 3 Trueshot Aura
 1 Scout
 3 Searing Arrows
 1 Starfall
 1 Tauren Chieftain 
 1 Endurance Aura
 
                » actions 
                
                | Assign group hotkey | 49 |  | 
| Build / train | 94 |  | 
| Enter build submenu | 23 |  | 
| Enter hero's abilities submenu | 9 |  | 
| Remove unit from queue | 2 |  | 
| Right click | 2113 |  | 
| Select / deselect | 606 |  | 
| Select group hotkey | 604 |  | 
| Use ability | 84 |  | 
                3584 total
 » units 
                
                | Wisp | 22 |  | 
| Huntress | 5 |  | 
| Glaive Thrower | 5 |  | 
| Chimaera | 26 |  | 
| Hippogryph | 3 |  | 
| Siege Engine | 1 |  | 
                62 total
 » upgrades
                
                | Corrosive Breath | 1 |  | 
| Strength of the Wild | 3 |  | 
| Reinforced Hides | 3 |  | 
| Well Spring | 1 |  | 
                8 total
 » buildings
                
                | Altar of Elders | 1 |  | 
| Moon Well | 10 |  | 
| Hunter's Hall | 1 |  | 
| Ancient of War | 2 |  | 
| Tree of Ages | 2 |  | 
| Tree of Eternity | 1 |  | 
| Ancient of Wind | 1 |  | 
| Chimaera Roost | 3 |  | 
| Tree of Life | 2 |  | 
| Ancient of Wonders | 1 |  | 
                24 total
 » build order
                00:21 Altar of Elders
00:34 Moon Well
02:06 Hunter's Hall
02:11 Ancient of War
02:15 Moon Well
02:24 Ancient of War
03:34 Moon Well
04:34 Tree of Ages
05:39 Moon Well
07:04 Tree of Eternity
07:54 Ancient of Wind
08:50 Moon Well
10:07 Chimaera Roost
10:25 Chimaera Roost
11:07 Moon Well
12:34 Moon Well
12:36 Chimaera Roost
13:57 Moon Well
14:46 Moon Well
16:11 Tree of Life
17:35 Moon Well
30:50 Ancient of Wonders
38:08 Tree of Life
» items
                
                | Scroll of Town Portal | 3 |  | 
| Scroll of Regeneration | 3 |  | 
| Potion of Healing | 1 |  | 
                7 total
  
               
              
              
Wissen-heit (
pink | 54 APM | 2405 actions | 44:38)
              
 6 Mountain King 
 3 Storm Bolt
 2 Bash
 1 Avatar
 
                » actions 
                
                | Build / train | 74 |  | 
| Enter build submenu | 16 |  | 
| Enter hero's abilities submenu | 6 |  | 
| Remove unit from queue | 4 |  | 
| Right click | 1690 |  | 
| Select / deselect | 486 |  | 
| Use ability | 129 |  | 
                2405 total
 » units 
                
                | Peasant | 7 |  | 
| Footman | 6 |  | 
| Gryphon Rider | 5 |  | 
| Dragonhawk Rider | 17 |  | 
                35 total
 » upgrades
                
                | Defend | 1 |  | 
| Lumber Harvesting | 2 |  | 
| Storm Hammers | 1 |  | 
| Cloud | 1 |  | 
| Swords | 2 |  | 
| Armor | 1 |  | 
                8 total
 » buildings
                
                | Altar of Kings | 1 |  | 
| Farm | 14 |  | 
| Barracks | 1 |  | 
| Arcane Vault | 1 |  | 
| Lumber Mill | 1 |  | 
| Keep | 2 |  | 
| Scout Tower | 2 |  | 
| Guard Tower | 1 |  | 
| Arcane Tower | 1 |  | 
| Gryphon Aviary | 2 |  | 
| Castle | 1 |  | 
| Blacksmith | 1 |  | 
                28 total
 » build order
                00:10 Altar of Kings
00:18 Farm
00:35 Barracks
00:38 Farm
00:45 Farm
01:38 Farm
01:52 Arcane Vault
02:28 Lumber Mill
03:26 Keep
03:26 Keep
05:40 Scout Tower
06:13 Guard Tower
06:16 Arcane Tower
06:20 Scout Tower
06:30 Gryphon Aviary
06:31 Gryphon Aviary
07:18 Guard Tower
08:50 Castle
11:19 Farm
11:19 Farm
11:20 Farm
12:53 Farm
12:53 Farm
12:55 Farm
12:55 Farm
17:15 Blacksmith
24:57 Farm
24:57 Farm
24:58 Farm
» items
                
                | Scroll of Regeneration | 7 |  | 
| Lesser Clarity Potion | 4 |  | 
| Orb of Fire | 1 |  | 
| Scroll of Restoration | 1 |  | 
| Healing Wards | 1 |  | 
| Scroll of Town Portal | 1 |  | 
                15 total
  
               
              
              
Xx_TorNaDo_xX (
teal | 46 APM | 2052 actions | 44:38)
              
 3 Tauren Chieftain 
 1 Endurance Aura
 2 Shockwave
 
                » actions 
                
                | Assign group hotkey | 7 |  | 
| Basic commands | 11 |  | 
| Build / train | 78 |  | 
| Enter build submenu | 12 |  | 
| Enter hero's abilities submenu | 3 |  | 
| Remove unit from queue | 4 |  | 
| Right click | 1336 |  | 
| Select / deselect | 538 |  | 
| Select group hotkey | 6 |  | 
| Use ability | 57 |  | 
                2052 total
 » units 
                
                | Peon | 10 |  | 
| Troll Headhunter/Berserker | 15 |  | 
| Grunt | 1 |  | 
| Demolisher | 3 |  | 
| Raider | -1 |  | 
| Troll Batrider | 28 |  | 
| Siege Engine | 5 |  | 
                61 total
 » upgrades
                
                | Ranged Weapons | 3 |  | 
| Burning Oil | 1 |  | 
| Berserker Upgrade | 1 |  | 
| Troll Regeneration | 0 |  | 
| Liquid Fire | 1 |  | 
                6 total
 » buildings
                
                | Altar of Storms | 1 |  | 
| Orc Burrow | 7 |  | 
| Barracks | 2 |  | 
| War Mill | 1 |  | 
| Stronghold | 1 |  | 
| Fortress | 1 |  | 
| Beastiary | 2 |  | 
| Voodoo Lounge | 1 |  | 
                16 total
 » build order
                00:07 Altar of Storms
00:27 Orc Burrow
00:56 Barracks
01:31 War Mill
02:06 Orc Burrow
03:47 Barracks
05:51 Orc Burrow
05:52 Orc Burrow
05:56 Stronghold
05:58 Orc Burrow
06:08 Orc Burrow
10:12 Fortress
11:04 Orc Burrow
21:30 Beastiary
21:31 Beastiary
23:00 Voodoo Lounge
» items
                 
                Chat log
          
(02:31 / Allies) SARGEcard.co.uk: muchos lum, bros
(09:08 / All) RockBocken: our base stands
(09:10 / All) RockBocken: Is this your reality?
(21:39 / All) RockBocken: teal u noob?
(21:44 / All) Xx_TorNaDo_xX: omfg
(21:46 / All) Xx_TorNaDo_xX: loool
(21:47 / All) DOGSANDHORSE.RU: Y'all Bad
(21:51 / All) RockBocken: why u lose a fatcow
(21:54 / All) Xx_TorNaDo_xX: real^^
(22:09 / All) RockBocken: burn this up your piope
(22:40 / All) RockBocken: is this the way it should be?
(25:47 / All) RockBocken: blue
(25:48 / All) RockBocken: Noob?
(27:42 / All) Xx_TorNaDo_xX: fu
(27:45 / All) RockBocken: noob?
(28:32 / All) RockBocken: Maybe... all germans are nazis?
(31:59 / All) RockBocken: orange... noob?
(33:03 / All) Xx_TorNaDo_xX: xD
(34:02 / All) DOGSANDHORSE.RU: is ok
(34:03 / All) DOGSANDHORSE.RU: srj
(34:07 / All) DOGSANDHORSE.RU: :  -   )
(36:00 / All) RockBocken: noobs?
(40:05 / All) RockBocken: why were u noobs?
(40:06 / All) DOGSANDHORSE.RU: U noobs
(40:12 / All) DOGSANDHORSE.RU: ceome ON
(40:16 / All) DOGSANDHORSE.RU: stop
(40:22 / All) DOGSANDHORSE.RU: stop stop stop u idiot
(40:24 / All) RockBocken: stop stop being anoob
(40:36 / All) DOGSANDHORSE.RU: is funny
(41:10 / All) DOGSANDHORSE.RU: Hey u, hey u stinker
(41:36 / All) RockBocken: No escape
(41:46 / All) Wissen-heit: hm i tried :P
(41:49 / All) RockBocken: nope
(41:50 / All) DOGSANDHORSE.RU: not really
(41:50 / All) DOGSANDHORSE.RU: no
(41:52 / All) RockBocken: uninstall
(41:53 / All) DOGSANDHORSE.RU: you tried to lose?
(41:56 / All) DOGSANDHORSE.RU: seems like it yep
(42:08 / All) DOGSANDHORSE.RU: is there that madonna song in europe
(42:11 / All) GoToYurup: that venture was a miniature version of this game.. ut ry something.. uf ail
(42:12 / All) DOGSANDHORSE.RU: confessions of a shitnoobe
(42:29 / All) RockBocken: Confess to the hague
(44:13 / All) RockBocken: wow
(44:18 / All) RockBocken: almost better than last time
(44:32 / All) RockBocken: you lose all you have I have a good chuffle myuckmyuckmyuck